 Dungeon Crawl Stone Soup version 0.26-a0-651-gb41185065b (webtiles) character file.

Game seed: 5237178806550046970

122 Flugslaktarn the Ruffian (level 4, 0/45 HPs)
             Began as a Troll Fighter on Oct 27, 2020.
             Was an Initiate of Ru.
             Slain by an ogre
             ... wielding a +0 giant club
              (13 damage)
             ... on level 4 of the Dungeon.
             The game lasted 00:01:03 (1996 turns).

Flugslaktarn the Ruffian (Troll Fighter)            Turns: 1996, Time: 00:01:03

Health: 0/45       AC:  6    Str: 24    XL:     4   Next: 78%
Magic:  3/3        EV:  8    Int:  4    God:    Ru [......]
Gold:   185        SH:  8    Dex: 10    Spells: 3/3 levels left

rFire    . . .     SeeInvis .     - Unarmed
rCold    . . .     Faith    .   b - +0 kite shield
rNeg     . . .     Spirit   .   a - +0 robe
rPois    .         Reflect  .   (helmet restricted)
rElec    .         Harm     .   (no cloak)
rCorr    .         Rampage  .   (gloves unavailable)
MR       .....                  (boots unavailable)
Stlth    +.........             (no amulet)
HPRegen  0.55/turn              (no ring)
MPRegen  0.08/turn              (no ring)

@: lethally poisoned (0 -> 0)
A: large, unfitting armour, claws 3, regeneration 1, shaggy fur 1, tough skin 3
a: Renounce Religion


You were on level 4 of the Dungeon.
You worshipped Ru.
Ru was noncommittal.
You visited 1 branch of the dungeon, and saw 4 of its levels.

You collected 185 gold pieces.

Inventory:

Armour
 a - a +0 robe (worn)
 b - a +0 kite shield (worn)
Jewellery
 f - an uncursed ring of flight {unknown}
   (You found it on level 1 of the Dungeon)
Wands
 m - a wand of iceblast (9)
   (You found it on level 2 of the Dungeon)
Scrolls
 c - 2 scrolls of enchant armour {unknown}
 e - 4 scrolls of identify {unknown}
 g - a scroll of amnesia {unknown}
 h - 3 scrolls of teleportation {unknown}
 i - a scroll of fog {unknown}
 j - a scroll of fear {unknown}
 o - 4 scrolls of remove curse {unknown}
 q - a scroll of magic mapping {unknown}
Potions
 d - a potion of might
 l - a potion of stabbing {unknown}
 n - a potion of magic {unknown}
 p - a potion of lignification {unknown}
 r - a potion of heal wounds {unknown}


   Skills:
 + Level 3.2 Fighting
 - Level 2.4 Dodging
 - Level 2.4 Shields
 * Level 4.3 Unarmed Combat


You had 3 spell levels left.
You didn't know any spells.
Your spell library contained the following spells:

 Spells                   Type           Power        Failure   Level
 Magic Dart               Conj           #...         93%         1
 Blink                    Tloc           N/A          98%         2
 Call Imp                 Summ           #.......     98%         2
 Slow                     Hex            #.......     98%         2
 Conjure Flame            Conj/Fire      #.......     100%        3
 Mephitic Cloud           Conj/Pois/Air  #.......     100%        3


Dungeon Overview and Level Annotations

Branches:
Dungeon (4/15)
 Temple: D:4-7

Altars:
Gozag
Ru
Wu Jian

Shops:
D:4 *


Innate Abilities, Weirdness & Mutations

You are too large for most types of armour.
You have claws for hands.
Your natural rate of healing is unusually fast.
You are covered in fur. (AC +1)
You have extremely tough skin. (AC +3)


Message History

The worker ant barely misses you.
You barely miss the worker ant.
The worker ant is moderately wounded.
The worker ant closely misses you.
You claw the worker ant!
The worker ant is severely wounded.
You block the worker ant's attack. The worker ant bites you.
* * * LOW HITPOINT WARNING * * *
You are poisoned.
The worker ant poisons you!
You scratch the worker ant.
The worker ant is almost dead.
You feel sick. The worker ant barely misses you.
You claw the worker ant!
You kill the worker ant!
You feel sick.
You barely miss the ogre.
The ogre is severely wounded.
The ogre hits you with a +0 giant club!
You die...

..#.... #.#.... .....
#.... #...## ##### #.?.#
#∩..# #o..+
#...########.##
#...##...@Oo.#
#...##.#####.##
#...##.#..<...##
#......#...#...#
###.########...#
#.#........).#
########.#.#######..#####
#..................>.)..#
#.........###...#######.#


You could see an ogre and an orc.

Vanquished Creatures
  An iguana (D:4)
  A worker ant (D:4)
  3 adders
  A worm (D:3)
  2 dart slugs (D:2)
  A leopard gecko (D:2)
  An orc (D:3)
  2 giant cockroaches
  4 goblins
  3 hobgoblins (D:1)
  2 jackals (D:4)
  5 kobolds
  2 bats
  4 frilled lizards
  8 rats
40 creatures vanquished.

Notes
Turn   | Place    | Note
-------+----------+-------------------------------------------
     0 | D:1      | Flugslaktarn the Troll Fighter began the quest for the Orb.
     0 | D:1      | Reached XP level 1. HP: 22/22 MP: 0/0
   260 | D:1      | Reached XP level 2. HP: 29/29 MP: 1/1
   943 | D:2      | Reached skill level 3 in Unarmed Combat
   972 | D:2      | Found a sacrificial altar of Ru.
  1001 | D:2      | Became a worshipper of Ru the Awakened
  1006 | D:2      | Reached XP level 3. HP: 36/36 MP: 2/2
  1407 | D:3      | Found an ornate altar of the Wu Jian Council.
  1409 | D:3      | Found an opulent altar of Gozag.
  1884 | D:4      | Reached XP level 4. HP: 45/45 MP: 3/3
  1913 | D:4      | Reached skill level 4 in Unarmed Combat
  1958 | D:4      | Found Gocudeg's General Store.
  1979 | D:4      | Noticed an ogre
  1996 | D:4      | Slain by an ogre

Illustrated notes

Levels and vault maps discovered:
D:1:      dpeg_arrival_rhombus, layout_basic
D:2:      layout_loops_ring, nicolae_ru_sacrificial_ziggurat
D:3:      layout_loops_cross, grunt_temple_overflow_open,
          corexii_item_surrounded_by_moat
D:4:      layout_basic, nicolae_overflow_hidden_temple, temple_green,
          serial_shops, shop

Skill      XL: |  1  2  3  4 |
---------------+-------------+-----
Unarmed Combat | 3 4 |  4.3
Fighting       | 3 |  3.2
Dodging        | |  2.4
Shields        | |  2.4

Action                   |  1- 3 |  4- 6 || total
-------------------------+-------+-------++-------
Melee: Unarmed           |   115 |    20 ||   135
  Use: Potion            |       |     1 ||     1
 Stab: Sleeping          |     1 |       ||     1
Armor: Robe              |    29 |     1 ||    30
Dodge: Dodged            |    32 |     6 ||    38
Block: Kite shield       |    34 |     5 ||    39

Table legend: (Time is in decaauts)
 A = Elapsed time spent in this place.
 B = Non-inter-level travel time spent in this place.
 C = Inter-level travel time spent in this place.
 D = Time resting spent in this place.
 E = Time spent auto-exploring this place.
 F = Levels seen in this place.
 G = Mean time per level.
                   A        B        C        D        E       F      G
               +--------+--------+--------+--------+--------+-----+--------+
         Total |   2000 |   1929 |     71 |      0 |   1646 |   4 |  500.0 |
       Dungeon |   2000 |   1929 |     71 |      0 |   1646 |   4 |  500.0 |
               +--------+--------+--------+--------+--------+-----+--------+

Top non-repeatable levels by time:
     D:1: 820 daAuts
     D:2: 582 daAuts
     D:3: 480 daAuts
     D:4: 117 daAuts
